EL
ERIE SEAWOLVES @ READING FIGHTIN PHILS
08/06/2099
 
TOP OF THE 1ST
Erie SeaWolves batting - Pitching for Reading Fightin Phils : RHP Erik Hill
Pitching: RHP Erik Hill
Batting: LHB Matt Henley 0-0: Ball
1-0: Ball
2-0: Foul Ball, location: 5F
2-1: Ball
3-1: Called Strike
3-2: Fly out, F5 (Popup, 56, EV 64.4 MPH)
Batting: RHB Jack Childs 0-0: Fly out, F7 (Flyball, 78S, EV 96.9 MPH)
Batting: LHB Mike Giordano 0-0: Ball
1-0: Foul Ball, location: 2F
1-1: Ball
2-1: Foul Ball, location: 2F
2-2: Ball
3-2: Base on Balls
Batting: RHB Ruben Garcia 0-0: Called Strike
0-1: Swinging Strike
0-2: Strikes out swinging
Top of the 1st over - 0 runs, 0 hits, 0 errors, 1 left on base; Erie 0 - Reading 0
BOTTOM OF THE 1ST
Reading Fightin Phils batting - Pitching for Erie SeaWolves : RHP Danny Paderes
Pitching: RHP Danny Paderes
Batting: RHB Tony Ayala 0-0: Foul Ball, location: 5FF
0-1: Ball
1-1: Called Strike
1-2: Strikes out looking
Batting: RHB Jake Kimpel 0-0: Ball
1-0: Ball
2-0: Called Strike
2-1: Ball
3-1: Ground out U3 (Groundball, 34S, EV 84.4 MPH)
Batting: RHB Gaige Spicer 0-0: Called Strike
0-1: Fly out, F7 (Flyball, 7LS, EV 80.6 MPH)
Bottom of the 1st over - 0 runs, 0 hits, 0 errors, 0 left on base; Erie 0 - Reading 0
TOP OF THE 2ND
Erie SeaWolves batting - Pitching for Reading Fightin Phils : RHP Erik Hill
Batting: RHB Ricardo Meza 0-0: SINGLE (Groundball, 23, EV 69.4 MPH) (infield hit)
Batting: SHB Jim Hall 0-0: Called Strike
Ricardo Meza steals 2nd base
0-1: Ball
1-1: Foul Ball, location: 25F
1-2: Strikes out swinging
Batting: LHB Nick Gough 0-0: Called Strike
0-1: Foul Ball, location: 25F
0-2: Ball
1-2: Foul Ball, location: 25F
1-2: Ball
2-2: Foul Ball, location: 7LMF
2-2: Fly out, F9 (Flyball, 89D, EV 81.3 MPH)
Runner from 2nd tags up, SAFE at 3rd, no throw by RF
Batting: RHB David Titsworth 0-0: Called Strike
0-1: Hit by Pitch
Batting: RHB Elias Frias 0-0: Fielders Choice at 2nd, 6-4 (Groundball, 6, EV 91.9 MPH)
Top of the 2nd over - 0 runs, 1 hit, 0 errors, 2 left on base; Erie 0 - Reading 0
BOTTOM OF THE 2ND
Reading Fightin Phils batting - Pitching for Erie SeaWolves : RHP Danny Paderes
Batting: LHB Josh Edwards 0-0: Called Strike
0-1: Ball
1-1: Foul Ball, location: 2F
1-2: Ball
2-2: Ball
3-2: Base on Balls
Batting: LHB Nick Angelo 0-0: Ball
1-0: Ball
2-0: Foul Ball, location: 7LDF
2-1: Called Strike
2-2: Ball
3-2: Grounds into double play, 6-4-3 (Groundball, 6, EV 85.6 MPH)
Batting: LHB Willie Martinez 0-0: SOLO HOME RUN (Flyball, 9LD, EV 87.5 MPH), Distance : 325 ft
Batting: RHB Jose Alegria 0-0: Foul Ball, location: 9LSF
0-1: Foul Ball, location: 25F
0-2: Ball
1-2: Ball
2-2: SINGLE (Groundball, 56S, EV 63.8 MPH) (infield hit)
Batting: LHB Carlos Baca 0-0: Ball
1-0: Ball
2-0: Ball
3-0: Called Strike
3-1: Ground out 4-3 (Groundball, 34, EV 103.1 MPH)
Bottom of the 2nd over - 1 run, 2 hits, 0 errors, 1 left on base; Erie 0 - Reading 1
TOP OF THE 3RD
Erie SeaWolves batting - Pitching for Reading Fightin Phils : RHP Erik Hill
Batting: LHB Matt Henley 0-0: Ball
1-0: Fly out, F8 (Line Drive, 8LD, EV 96.9 MPH)
Batting: RHB Jack Childs 0-0: Ball
1-0: Ball
2-0: Ground out U3 (Groundball, 34, EV 84.4 MPH)
Batting: LHB Mike Giordano 0-0: Ball
1-0: Called Strike
1-1: SINGLE (Flyball, 8RS, EV 90.0 MPH)
Batting: RHB Ruben Garcia 0-0: Called Strike
0-1: Ball
1-1: Foul Ball, location: 25F
1-2: Strikes out swinging
Top of the 3rd over - 0 runs, 1 hit, 0 errors, 1 left on base; Erie 0 - Reading 1
BOTTOM OF THE 3RD
Reading Fightin Phils batting - Pitching for Erie SeaWolves : RHP Danny Paderes
Batting: LHB Ryan Price 0-0: Ball
1-0: Ball
2-0: Ball
3-0: Base on Balls
Batting: RHB Tony Ayala 0-0: SINGLE (Groundball, 4MS, EV 61.3 MPH) (infield hit)
Ryan Price to second
Batting: RHB Jake Kimpel 0-0: Fielders Choice at 2nd, 1-6 (Groundball, 13S, EV 65.0 MPH)
Ryan Price to third
Batting: RHB Gaige Spicer 0-0: Ball
1-0: Swinging Strike
1-1: Foul Ball, location: 9LMF
1-2: Strikes out looking
Batting: LHB Josh Edwards 0-0: Called Strike
0-1: Ball
1-1: Called Strike
1-2: Strikes out swinging
Bottom of the 3rd over - 0 runs, 1 hit, 0 errors, 2 left on base; Erie 0 - Reading 1
TOP OF THE 4TH
Erie SeaWolves batting - Pitching for Reading Fightin Phils : RHP Erik Hill
Batting: RHB Ricardo Meza 0-0: Ball
1-0: Called Strike
1-1: Ball
2-1: Ball
3-1: SINGLE (Line Drive, 7S, EV 100.0 MPH)
Batting: SHB Jim Hall 0-0: Ball
1-0: Ball
2-0: Fly out, F3 (Popup, 34S, EV 81.9 MPH)
Batting: LHB Nick Gough 0-0: Ball
1-0: Foul Ball, location: 3DF
1-1: Ball
2-1: Ball
Ricardo Meza steals 2nd base
3-1: SINGLE (Flyball, 8LS, EV 91.9 MPH)
Ricardo Meza to third
Runner from 3rd tries for Home, SAFE, throw by CF to home
Batting: RHB David Titsworth 0-0: Called Strike
0-1: Swinging Strike
0-2: Foul Ball, location: 3F
0-2: Ball
1-2: Foul Ball, location: 2F
1-2: Strikes out swinging
Batting: RHB Elias Frias 0-0: Called Strike
Nick Gough steals 2nd base
0-1: Fly out, F9 (Flyball, 89M, EV 91.9 MPH)
Top of the 4th over - 1 run, 2 hits, 0 errors, 1 left on base; Erie 1 - Reading 1
BOTTOM OF THE 4TH
Reading Fightin Phils batting - Pitching for Erie SeaWolves : RHP Danny Paderes
Batting: LHB Nick Angelo 0-0: Foul Ball, location: 2LF
0-1: Fly out, F8 (Flyball, 8RS, EV 84.4 MPH)
Batting: LHB Willie Martinez 0-0: Called Strike
0-1: Foul Ball, location: 5SF
0-2: Ball
1-2: Ball
2-2: Foul Ball, location: 7LMF
2-2: Ball
3-2: Base on Balls
Batting: RHB Jose Alegria 0-0: Ball
1-0: Grounds into double play, 6-4-3 (Groundball, 6, EV 100.6 MPH)
Bottom of the 4th over - 0 runs, 0 hits, 0 errors, 0 left on base; Erie 1 - Reading 1
TOP OF THE 5TH
Erie SeaWolves batting - Pitching for Reading Fightin Phils : RHP Erik Hill
Batting: LHB Matt Henley 0-0: Ball
1-0: Foul Ball, location: 5SF
1-1: Ball
2-1: Called Strike
2-2: Ball
3-2: Foul Ball, location: 7LMF
3-2: Foul Ball, location: 7LMF
3-2: Base on Balls
Batting: RHB Jack Childs 0-0: Ball
1-0: Foul Ball, location: 2F
1-1: Ball
2-1: Ground out 6-3 (Groundball, 6S, EV 62.5 MPH)
Matt Henley to second
Pitching: LHP Bob Chaffee
Batting: LHB Mike Giordano 0-0: Called Strike
0-1: Swinging Strike
0-2: Foul Ball, location: 7LSF
0-2: Ball
1-2: Ball
2-2: Foul Ball, location: 2RF
2-2: Ball
3-2: Foul Ball, location: 25F
3-2: SINGLE (Groundball, 4MD, EV 100.6 MPH)
Matt Henley to third
Runner from 3rd tries for Home, SAFE, throw by CF to home
Batting: RHB Ruben Garcia 0-0: Called Strike
0-1: Ball
1-1: Foul Ball, location: 5F
1-2: Ball
2-2: Fly out, F6 (Popup, 6, EV 66.3 MPH)
Batting: RHB Ricardo Meza 0-0: Called Strike
0-1: Ball
1-1: Single, Error in OF, E7, batter to second base (Line Drive, 7S, EV 98.8 MPH)
Mike Giordano to third
Batting: SHB Jim Hall 0-0: Ball
1-0: Ball
2-0: Called Strike
2-1: Foul Ball, location: 9LSF
2-2: Fly out, F8 (Flyball, 8LXD, EV 93.1 MPH)
Top of the 5th over - 1 run, 2 hits, 1 error, 2 left on base; Erie 2 - Reading 1
BOTTOM OF THE 5TH
Reading Fightin Phils batting - Pitching for Erie SeaWolves : RHP Danny Paderes
Batting: LHB Carlos Baca 0-0: Swinging Strike
0-1: Ball
1-1: Foul Ball, location: 7LMF
1-2: Ground out 4-3 (Groundball, 4, EV 87.5 MPH)
Batting: LHB Ryan Price 0-0: Swinging Strike
0-1: Fly out, F9 (Flyball, 89D, EV 111.9 MPH)
Batting: RHB Tony Ayala 0-0: SINGLE (Groundball, 23, EV 75.6 MPH) (infield hit)
Batting: RHB Jake Kimpel 0-0: Called Strike
0-1: Foul Ball, location: 2F
0-2: Ball
1-2: 2-RUN HOME RUN (Flyball, 9D, EV 96.9 MPH), Distance : 359 ft
Batting: RHB Gaige Spicer 0-0: Ball
1-0: Ball
2-0: Ball
3-0: Called Strike
3-1: Base on Balls
Batting: LHB Josh Edwards 0-0: SINGLE (Flyball, 56D, EV 86.3 MPH)
Gaige Spicer to second
Batting: LHB Nick Angelo 0-0: Ball
1-0: Ball
2-0: Foul Ball, location: 7LMF
2-1: Foul Ball, location: 7LDF
2-2: Ball
3-2: Foul Ball, location: 9LMF
3-2: Foul Ball, location: 7LSF
3-2: Base on Balls
Gaige Spicer to third
Josh Edwards to second
Batting: LHB Willie Martinez 0-0: Ball
1-0: Called Strike
1-1: Called Strike
1-2: Foul Ball, location: 25F
1-2: Ball
2-2: Foul Ball, location: 2LF
2-2: Ball
3-2: Base on Balls
Gaige Spicer scores
Josh Edwards to third
Nick Angelo to second
Batting: RHB Jose Alegria 0-0: Ball
1-0: Called Strike
1-1: Ball
2-1: Ball
3-1: Foul Ball, location: 2F
3-2: Base on Balls
Josh Edwards scores
Nick Angelo to third
Willie Martinez to second
Pitching: LHP Aaron Long
Batting: LHB Carlos Baca 0-0: Called Strike
0-1: Called Strike
0-2: Foul Ball, location: 7LMF
0-2: Ball
1-2: Ball
2-2: Foul Ball, location: 2RF
2-2: Ground out 4-3 (Groundball, 4, EV 106.9 MPH)
Bottom of the 5th over - 4 runs, 3 hits, 0 errors, 3 left on base; Erie 2 - Reading 5
TOP OF THE 6TH
Erie SeaWolves batting - Pitching for Reading Fightin Phils : LHP Bob Chaffee
Batting: LHB Nick Gough 0-0: Ball
1-0: SOLO HOME RUN (Flyball, 9LD, EV 91.3 MPH), Distance : 347 ft
Batting: RHB David Titsworth 0-0: Ball
1-0: Swinging Strike
1-1: Fly out, F7 (Flyball, 7D, EV 91.9 MPH)
Batting: RHB Elias Frias 0-0: Called Strike
0-1: Called Strike
0-2: Strikes out swinging
Batting: LHB Matt Henley 0-0: Called Strike
0-1: Ball
1-1: Called Strike
1-2: Foul Ball, location: 5SF
1-2: Foul Ball, location: 7LMF
1-2: Ground out 5-3 (Groundball, 56, EV 83.8 MPH)
Top of the 6th over - 1 run, 1 hit, 0 errors, 0 left on base; Erie 3 - Reading 5
BOTTOM OF THE 6TH
Reading Fightin Phils batting - Pitching for Erie SeaWolves : LHP Aaron Long
Batting: LHB Ryan Price 0-0: Called Strike
0-1: Ball
1-1: Foul Ball, location: 7LDF
1-2: Strikes out swinging
Batting: RHB Tony Ayala 0-0: Ball
1-0: Called Strike
1-1: Ground out 6-3 (Groundball, 6, EV 85.0 MPH)
Batting: RHB Jake Kimpel 0-0: Called Strike
0-1: SINGLE (Line Drive, 56D, EV 96.3 MPH)
Batting: RHB Gaige Spicer 0-0: Ball
1-0: Ball
2-0: Ball
Wild Pitch!
Jake Kimpel to second
3-0: Base on Balls
Batting: LHB Josh Edwards 0-0: Ball
1-0: Called Strike
1-1: Fly out, F8 (Line Drive, 8RD, EV 90.6 MPH)
Bottom of the 6th over - 0 runs, 1 hit, 0 errors, 2 left on base; Erie 3 - Reading 5
TOP OF THE 7TH
Erie SeaWolves batting - Pitching for Reading Fightin Phils : LHP Bob Chaffee
Batting: RHB Jack Childs 0-0: Ball
1-0: DOUBLE (Line Drive, 78D, EV 105.6 MPH)
Pitching: LHP Adrian Wiggins
Batting: LHB Mike Giordano 0-0: Ball
1-0: Called Strike
1-1: Ball
2-1: Ball
3-1: Ground out 6-3 (Groundball, 6, EV 105.0 MPH)
Batting: RHB Ruben Garcia 0-0: Ball
1-0: Foul Ball, location: 23FF
1-1: Called Strike
1-2: Strikes out swinging
Batting: RHB Ricardo Meza 0-0: Ball
Passed Ball!
Jack Childs to third
1-0: Swinging Strike
1-1: Ground out 5-3 (Groundball, 5S, EV 68.8 MPH)
Top of the 7th over - 0 runs, 1 hit, 0 errors, 1 left on base; Erie 3 - Reading 5
BOTTOM OF THE 7TH
Reading Fightin Phils batting - Pitching for Erie SeaWolves : LHP Aaron Long
Batting: LHB Nick Angelo 0-0: Ball
1-0: Ball
2-0: Ball
3-0: Base on Balls
Batting: LHB Willie Martinez 0-0: Called Strike
0-1: Called Strike
0-2: Ball
1-2: Strikes out looking
Batting: RHB Jose Alegria 0-0: Foul Ball, location: 23FF
0-1: Called Strike
0-2: Ball
1-2: Ball
2-2: Ball
3-2: SINGLE (Flyball, 9LS, EV 98.8 MPH)
Nick Angelo to second
Batting: LHB Carlos Baca 0-0: Ball
1-0: Ball
2-0: SINGLE (Line Drive, 7S, EV 93.1 MPH)
Nick Angelo to third
Jose Alegria to second
Batting: LHB Ryan Price 0-0: Swinging Strike
0-1: Ball
1-1: Called Strike
1-2: Foul Ball, location: 5SF
1-2: Fly out, F3 (Line Drive, 3, EV 73.8 MPH)
Lined into DP, U3 (Line Drive, 3, EV 73.8 MPH)
Bottom of the 7th over - 0 runs, 2 hits, 0 errors, 2 left on base; Erie 3 - Reading 5
TOP OF THE 8TH
Erie SeaWolves batting - Pitching for Reading Fightin Phils : LHP Adrian Wiggins
Batting: SHB Jim Hall 0-0: Hit by Pitch
Batting: LHB Nick Gough 0-0: Foul Ball, location: 7LSF
0-1: Fly out, F9 (Flyball, 9S, EV 76.9 MPH)
Batting: RHB David Titsworth 0-0: Called Strike
0-1: Swinging Strike
0-2: Ball
1-2: Fly out, F9 (Flyball, 89D, EV 102.5 MPH)
Batting: RHB Elias Frias 0-0: Ball
1-0: Ball
2-0: Foul Ball, location: 3SF
2-1: Fly out, F3 (Popup, 3S, EV 78.8 MPH)
Top of the 8th over - 0 runs, 0 hits, 0 errors, 1 left on base; Erie 3 - Reading 5
BOTTOM OF THE 8TH
Reading Fightin Phils batting - Pitching for Erie SeaWolves : LHP Aaron Long
Pitching: RHP Jim Melendez
Batting: RHB Tony Ayala 0-0: Ball
1-0: Ball
2-0: Ball
3-0: Called Strike
3-1: Base on Balls
Batting: RHB Jake Kimpel 0-0: Called Strike
Tony Ayala is caught stealing 2nd base 2-4
0-1: Ball
1-1: Foul Ball, location: 9LDF
1-2: Ground out 1-3 (Groundball, 15, EV 66.3 MPH)
Batting: RHB Gaige Spicer 0-0: Ball
1-0: Fly out, F8 (Line Drive, 78D, EV 86.9 MPH)
Bottom of the 8th over - 0 runs, 0 hits, 0 errors, 0 left on base; Erie 3 - Reading 5
TOP OF THE 9TH
Erie SeaWolves batting - Pitching for Reading Fightin Phils : LHP Adrian Wiggins
Now at SS: Sean Halliburton
Now in CF: Bryce Jackson
Batting: LHB Matt Henley 0-0: Ball
1-0: TRIPLE (Line Drive, 89XD, EV 105.0 MPH)
Batting: RHB Jack Childs 0-0: Ball
1-0: SINGLE (Groundball, 13S, EV 71.3 MPH) (infield hit)
Pinch Hitting: RHB Mark Burkett 0-0: Ball
1-0: Called Strike
1-1: SINGLE (Groundball, 4D, EV 94.4 MPH)
Matt Henley scores
Jack Childs to second
Batting: RHB Ruben Garcia 0-0: Called Strike
0-1: Swinging Strike
0-2: Ball
1-2: Ball
2-2: Foul Ball, location: 23F
2-2: Foul Ball, location: 3DF
2-2: Strikes out looking
Batting: RHB Ricardo Meza 0-0: Called Strike
0-1: Foul Ball, location: 2F
0-2: Ball
1-2: Ball
2-2: Foul Ball, location: 2F
2-2: Grounds into double play, 6-4-3 (Groundball, 6S, EV 88.1 MPH)
Top of the 9th over - 1 run, 3 hits, 0 errors, 1 left on base; Erie 4 - Reading 5
Sunday, May 12th , 2024 - OOTP Baseball 24.11 Build 85